 Dungeon Crawl Stone Soup version 0.26-a0-665-gefeb406119 (webtiles) character file.

Game seed: 4263277601274208833

10 miscthings the Sneak (level 2, 0/27 HPs)
             Began as a Palentonga Delver on Oct 16, 2020.
             Shot with an arrow by a centaur (14 damage)
             ... on level 5 of the Dungeon.
             The game lasted 00:00:28 (379 turns).

miscthings the Sneak (Palentonga Delver)             Turns: 379, Time: 00:00:29

Health: 0/27       AC:  4    Str: 15    XL:     2   Next: 10%
Magic:  2/2        EV:  9    Int: 10    God:
Gold:   29         SH:  0    Dex: 11    Spells: 1/1 levels left

rFire    . . .     SeeInvis +   a - +0 hand axe
rCold    . . .     Faith    .   (no shield)
rNeg     . . .     Spirit   .   b - +0 leather armour
rPois    .         Reflect  .   (no helmet)
rElec    .         Harm     .   (no cloak)
rCorr    .         Rampage  .   (no gloves)
MR       .....                  (no barding)
Stlth    ++........             (no amulet)
HPRegen  0.09/turn              (no ring)
MPRegen  0.08/turn              (no ring)

@: hasted, very quick
A: large, rugged brown scales 3, see invisible, deformed body, roll, armoured
tail
a: Rolling Charge


You were on level 5 of the Dungeon.
You visited 1 branch of the dungeon, and saw 2 of its levels.

You collected 29 gold pieces.

Inventory:

Hand Weapons
 a - a +0 hand axe (weapon)
Armour
 b - a +0 leather armour (worn)
Wands
 g - a wand of digging (3)
Scrolls
 c - a scroll of fog
 d - a scroll of magic mapping
Potions
 h - a potion of degeneration {unknown}


   Skills:
 - Level 3.0 Fighting
 + Level 2.8 Axes
 - Level 1.5 Dodging
 - Level 3.3 Stealth


You had one spell level left.
You didn't know any spells.
Your spell library was empty.

Dungeon Overview and Level Annotations

Branches:
Dungeon (5/15)
 Temple: D:4-7

Altars:


Innate Abilities, Weirdness & Mutations

You are completely covered in rugged brown scales. (AC +3, +7% HP)
You have supernaturally acute eyesight. (SInv)
Armour fits poorly on your strangely shaped body.
You can roll at foes to attack.
You have a long armoured tail.


Message History

Found a scale mail.
An adder comes into view.
A centaur comes into view.
The centaur shouts!
The centaur wields a +0 shortbow.
The centaur shoots an arrow.
The arrow hits you!
The centaur shoots an arrow.
The arrow barely misses you.
The adder hisses angrily.
You see here 2 arrows.
The adder closely misses you.
You completely miss the adder. You tail-slap the adder.
The adder is moderately wounded.
The adder bites you.
You feel yourself speed up. The adder completely misses you.
The adder barely misses you.
You hit the adder. You tail-slap the adder.
You kill the adder!
You have reached level 2!
The centaur shoots an arrow.
The arrow hits you!
Ouch! That really hurt!
You die...

#.##..####.
#.##..##...
#.#......##
#.#.#....#
#.#.....)#
########.####.###
#.. ..##.# #.####
#.###.##.# #.....
#@#.#.##.# ######
#†#.#.##.# #
#c..(....###### #
..................>#
#
.....###.[..######.#
# ..... #.#..# #.# #
.... #.#### #.# #
.... #....######.# #
... ##..........####


You could see a centaur.

Vanquished Creatures
  An adder (D:5)
  A giant cockroach (D:4)
2 creatures vanquished.

Notes
Turn   | Place    | Note
-------+----------+-------------------------------------------
     0 | D:5      | miscthings the Palentonga Delver began the quest for the
                  | Orb.
     0 | D:5      | Reached XP level 1. HP: 20/20 MP: 1/1
    60 | D:5      | Noticed a centaur
    65 | D:4      | Noticed a phantom
    73 | D:4      | Noticed an orc priest
   372 | D:5      | Noticed a centaur
   379 | D:5      | Reached XP level 2. HP: 14/27 MP: 2/2
   379 | D:5      | Shot with an arrow by a centaur

Illustrated notes

Levels and vault maps discovered:
D:4:      minmay_chambers_of_threes, layout_loops_ring,
          minmay_temple_entry_arrows
D:5:      lemuel_upstairs_altar, layout_basic, grunt_gozag_statues,
          uniq_blork_the_orc

Action                   || total
-------------------------++-------
Melee: Hand axe          ||     6
       Tailslap          ||     3
  Use: Scroll            ||     1
       Potion            ||     1
 Stab: Sleeping          ||     1
Armor: Leather armour    ||     1
Dodge: Dodged            ||     6

Table legend: (Time is in decaauts)
 A = Elapsed time spent in this place.
 B = Non-inter-level travel time spent in this place.
 C = Inter-level travel time spent in this place.
 D = Time resting spent in this place.
 E = Time spent auto-exploring this place.
 F = Levels seen in this place.
 G = Mean time per level.
                   A        B        C        D        E       F      G
               +--------+--------+--------+--------+--------+-----+--------+
         Total |    380 |    380 |      0 |    206 |    128 |   2 |  190.0 |
       Dungeon |    380 |    380 |      0 |    206 |    128 |   2 |  190.0 |
               +--------+--------+--------+--------+--------+-----+--------+

Top non-repeatable levels by time:
     D:5: 368 daAuts
     D:4: 11 daAuts
